 Dungeon Crawl Stone Soup version 0.20-a0-514-g839ffe0 (webtiles) character file.

304 pichaelthompson the Skirmisher (level 6, -2/48 HPs)
             Began as a Demonspawn Berserker on Jan 24, 2017.
             Was a Believer of Trog.
             Slain by Grinder (5 damage)
             ... while paralysed by Grinder
             ... on level 3 of the Dungeon.
             The game lasted 00:09:01 (2627 turns).

pichaelthompson the Skirmisher (DsBe)               Turns: 2627, Time: 00:09:02

Health: -2/48      AC:  6    Str: 19    XL:     6   Next: 15%
Magic:  6/6        EV:  2    Int:  8    God:    Trog [**....]
Gold:   61         SH:  0    Dex: 13    Spells: 5/5 levels left

rFire    . . .     SeeInvis .   b - -2 dagger (curse)
rCold    . . .     Gourm    .   h - +0 ring mail
rNeg     . . .     Faith    .   (no shield)
rPois    .         Spirit   .   (helmet restricted)
rElec    .         Reflect  .   e - +0 cloak
rCorr    +         Harm     .   (no gloves)
MR       .....                  (no boots)
Stlth    +.........             (no amulet)
Regen    0.2/turn               l - ring of resist corrosion
                                g - +3 ring of evasion

@: paralysed, exhausted, slowed
A: horns 2
a: Berserk, Trog's Hand, Burn Spellbooks, Renounce Religion


You were on level 3 of the Dungeon.
You worshipped Trog.
Trog was pleased with you.
You were hungry.

You visited 1 branch of the dungeon, and saw 3 of its levels.

You collected 61 gold pieces.

Inventory:

Hand Weapons
 a - a +0 mace
 b - a cursed -2 dagger (weapon)
Armour
 e - a +0 cloak (worn)
 h - a +0 ring mail (worn)
Jewellery
 g - a +3 ring of evasion (left hand)
 l - a ring of resist corrosion (right hand)
Potions
 d - a potion of lignification {unknown}
 j - a potion of resistance {unknown}
 m - a potion of flight {unknown}
 n - a potion of curing
Comestibles
 c - a bread ration
 f - 2 chunks of flesh
 i - 2 meat rations


   Skills:
 + Level 3.9 Fighting
 + Level 2.2 Short Blades
 + Level 3.5 Maces & Flails
 + Level 3.4 Armour
 + Level 2.9 Dodging


You had 5 spell levels left.
You didn't know any spells.

Dungeon Overview and Level Annotations

Branches:
Dungeon (3/15)

Altars:
Trog

Annotations:
D:3 Grinder


Innate Abilities, Weirdness & Mutations

You have a pair of horns on your head.


Message History

Grinder hits you.
* * * LOW HITPOINT WARNING * * *
You writhe in agony.
* * * LOW HITPOINT WARNING * * *
You can move again.
You barely miss Grinder.
Grinder is severely wounded.
Grinder hits you.
* * * LOW HITPOINT WARNING * * *
You writhe in agony.
* * * LOW HITPOINT WARNING * * *
You closely miss Grinder.
Grinder is severely wounded.
Grinder gestures at you.
You suddenly lose the ability to move!
Grinder hits you but does no damage.
Grinder blinks!
Grinder says, "DUCK!"
Grinder hits you.
You die...

#........# #.......<#
###........# #..........#
#########.#........#
***#......#..#........#
**,,.......†.##........#
**,,*#......§##..########
*,,**###.#..@...## * **,**
**#,#.5.####
****,,****,.....## ********
,,,,,,,,,.)#.##.*****,,,,,,*
*,*,,****,...*..**,,,,,,,,,*
>,,,*****...,..#,,,**,,,,,,*
*,,,,,,,,..,,..,,,,,,,,,****
,,*******,**.#.,,,*****,*
*,,,,,,,,,*,,*,**** *,*


You could see Grinder.

Vanquished Creatures
  Sigmund (D:2)
  Terence (D:2)
  Robin (D:2)
  4 adders
  4 worms
  2 dart slugs (D:2)
  A leopard gecko (D:2)
  2 ball pythons
  A giant cockroach (D:2)
  15 goblins
  7 hobgoblins
  4 jackals (D:2)
  4 bats
  4 frilled lizards (D:2)
  2 kobolds (D:1)
  7 rats
60 creatures vanquished.

Vanquished Creatures (others)
  A goblin (D:2)
1 creature vanquished.

Grand Total: 61 creatures vanquished

Notes
Turn   | Place    | Note
-------+----------+-------------------------------------------
     0 | D:1      | pichaelthompson the Demonspawn Berserker began the quest for the Orb.
     0 | D:1      | Reached XP level 1. HP: 18/18 MP: 1/1
     7 | D:1      | Noticed an electric eel
   591 | D:1      | Gained mutation: You have a pair of small horns on your head. [demonic ancestry]
   591 | D:1      | Reached XP level 2. HP: 24/24 MP: 2/2
  1111 | D:2      | Gained mutation: You have a pair of horns on your head. [demonic ancestry]
  1111 | D:2      | Reached XP level 3. HP: 12/29 MP: 3/3
  1429 | D:2      | Reached ** piety under Trog
  1456 | D:2      | Noticed Sigmund
  1468 | D:2      | Killed Sigmund
  1468 | D:2      | Reached skill level 1 in Short Blades
  1468 | D:2      | Reached XP level 4. HP: 36/37 MP: 4/4
  1468 | D:2      | Reached XP level 5. HP: 42/42 MP: 5/5
  1624 | D:2      | Noticed Robin
  1633 | D:2      | Killed Robin
  2032 | D:2      | Noticed Terence
  2038 | D:2      | Found a bloodstained altar of Trog.
  2049 | D:2      | Killed Terence
  2049 | D:2      | Reached XP level 6. HP: 48/48 MP: 6/6
  2597 | D:3      | Noticed Grinder
  2608 | D:3      | Paralysed by Grinder for 2 turns
  2620 | D:3      | Paralysed by Grinder for 3 turns
  2624 | D:3      | Paralysed by Grinder for 4 turns
  2627 | D:3      | Slain by Grinder

Vault maps used:
D:1:      arrival_aquarium_a
D:2:      trog_three_pillars_becter, uniq_sigmund, uniq_robin, uniq_terence
D:3:      uniq_jessica, uniq_natasha, uniq_grinder

Skill      XL: |  1  2  3  4  5 |
---------------+----------------+-----
Armour         | 2 3 |  3.4
Maces & Flails | 3 |  3.5
Dodging        | 2 |  2.9
Short Blades   | 1 2 |  2.2
Fighting       | |  3.9

Action                   |  1- 3 |  4- 6 || total
-------------------------+-------+-------++-------
Melee: Dagger            |   137 |   129 ||   266
       Mace              |    15 |       ||    15
       Headbutt          |    23 |    24 ||    47
Invok: Berserk           |     1 |     3 ||     4
  Use: Scroll            |     1 |     2 ||     3
  Eat: Chunk             |     2 |     7 ||     9
Armor: Ring mail         |    37 |    43 ||    80
       Animal skin       |     1 |       ||     1
Dodge: Dodged            |   104 |    84 ||   188
